 Dungeon Sprint DCSS version 0.23.2-1-ga50397a6bc (webtiles) character file.

Game seed: 14548267659815036272

4460 Kobolds4U the Imperceptible (level 10, -2/49 HPs)
             Began as a Spriggan Assassin on May 23, 2019.
             Was an Elder of Okawaru.
             Slain by an unseen horror (5 damage)
             ... in the Dungeon (Sprint I: "Red Sonja").
             The game lasted 00:05:11 (636 turns).

Kobolds4U the Imperceptible (Spriggan Assassin)      Turns: 636, Time: 00:05:11

Health: -2/49      AC:  7    Str:  7    XL:     10   Next: 15%
Magic:  19/19      EV: 41    Int: 13    God:    Okawaru [****..]
Gold:   400        SH:  0    Dex: 26    Spells: 9/9 levels left

rFire    . . .     SeeInvis +   a - +2 dagger
rCold    . . .     Gourm    .   (shield restricted)
rNeg     . . .     Faith    .   t - +0 troll leather armour
rPois    .         Spirit   .   y - +1 hat
rElec    .         Reflect  .   d - +0 cloak
rCorr    .         Harm     .   (gloves unavailable)
MR       +....     NoTele   +   (boots unavailable)
Stlth    ++++++++++             (no amulet)
HPRegen  0.56/turn              (no ring)
MPRegen  0.16/turn              (no ring)

@: agile, heroism, very quick
A: very small, unfitting armour, see invisible, herbivore, speed 3, slow
metabolism 2
a: Heroism, Renounce Religion


You were in the Dungeon.
You worshipped Okawaru.
Okawaru was greatly pleased with you.
You were not hungry.

You visited 1 branch You collected 785 gold pieces.
You spent 385 gold pieces at shops.

Inventory:

Hand Weapons
 a - a +2 dagger (weapon)
 b - a +0 blowgun
 q - a +0 shortbow
 x - a +1 dagger of venom
Missiles
 e - 8 poisoned needles
 f - 3 curare-tipped needles
 r - 38 arrows
Armour
 d - a +0 cloak (worn)
 t - a +0 troll leather armour (worn)
 y - a +1 hat (worn)
Wands
 n - a wand of polymorph (6)
 u - a wand of digging (6)
Scrolls
 m - a scroll of blinking
 p - 2 scrolls of identify {unknown}
 s - 2 scrolls of remove curse {unknown}
 v - a scroll of enchant weapon {unknown}
 w - a scroll of fear {unknown}
Potions
 h - a potion of curing
 j - a potion of haste
 k - 3 potions of magic
 l - a potion of berserk rage
Comestibles
 g - 2 rations


   Skills:
 + Level 3.6(8.6) Fighting
 - Level 2.1(7.1) Short Blades
 - Level 2.0(7.0) Throwing
 + Level 13.7(18.7) Dodging
 - Level 25.0(27) Stealth
 + Level 11.1 Invocations


You had 9 spell levels left.
You didn't know any spells.
Your spell library was empty.

Dungeon Overview and Level Annotations

Branches:
Dungeon (1/1)

Altars:
Cheibriados
Dithmenos
Elyvilon
Fedhas
Gozag
Hepliaklqana
Kikubaaqudgha
Makhleb
Nemelex Xobeh
Okawaru
Qazlal
Ru
Sif Muna
Trog
Uskayaw
Vehumet
Wu Jian
Xom
Yredelemnul
Zin
The Shining One
Jiyva
Lugonu

Shops:
D [?[


Innate Abilities, Weirdness & Mutations

You are very small and have problems with some larger weapons.
You are too small for most types of armour.
You have supernaturally acute eyesight. (SInv)
You are a herbivore.
You cover ground extremely quickly.
You need to consume almost no food.


Message History

Press: ? - help, Shift-Dir - straight line, f/p - unseen horror
Aim: an unseen horror (lightly wounded, slow, poisoned, slightly transparent)
You shoot a curare-tipped needle.
The curare-tipped needle barely misses the unseen horror.
The unseen horror completely misses you.
Okay, then.
Firing (i - inventory. (/) - cycle)
f - 4 curare-tipped needles (quivered)
Press: ? - help, Shift-Dir - straight line, f/p - unseen horror
Aim: an unseen horror (purple smoke, lightly wounded, slow, poisoned, slightly transparent)
You shoot a curare-tipped needle.
The curare-tipped needle hits the unseen horror.
The unseen horror looks as sick as possible!
The unseen horror convulses.
The unseen horror seems to be slow for longer.
The unseen horror is moderately wounded.
The unseen horror misses you.
The unseen horror completely misses you.
a - a +2 dagger (weapon)
The unseen horror hits you.
You die...

#####################************
['..#..'..#__#..'..)#,,*,,,,+,,,,
.#.))..#..'^.'..#...#*+*,****,,,,
###+#####'#__####)..+,,*,*,***,,,
##,,#...#.####§.#####,,+,*+*,***+
_####..##(#≈≈≈§§#x§#*+****,,,*,*,
____##'#_.'≈§§§§@§§#,,,,,*,,,***,
.∩...'..._#≈≈≈§§#(x#,,,,,+,,,,,**
..__##_.#'##§#####'###,,,*,,,,,*,
____###+#.#.(§§###.'.#,,,***++**,
#######.####'###.###.#,,***,,***,
.[...'...'..†..'.∩##.#,,****,,***
++####.).###########§#*+*,,*,,*,*
,,,**##.###..x....##†#*,*,,,,,,,,
,,,,*,#+#,#....x..§x§#***,,,,,,,,


You could see 2 unseen horrors.

Vanquished Creatures
  2 centaur warriors (D)
  Sonja (D)
  A deep troll (D)
  An oklob plant (D)
  2 kobold demonologists (D)
  A slime creature (D)
  A hornet (D)
  2 redbacks (D)
  A yak (D)
  Sigmund (D)
  A floating eye (D)
  An ogre (D)
  A jelly (D)
  Ijyb (D)
17 creatures vanquished.

Vanquished Creatures (others)
  A gargoyle (D)
1 creature vanquished.

Grand Total: 18 creatures vanquished

Notes
Turn   | Place    | Note
-------+----------+-------------------------------------------
     0 | D        | Kobolds4U the Spriggan Assassin began the quest for the
                  | Orb.
     0 | D        | Reached XP level 1. HP: 10/10 MP: 2/2
     1 | D        | Noticed Ijyb
     4 | D        | Killed Ijyb
     4 | D        | Reached skill level 10 in Stealth
     4 | D        | Reached XP level 2. HP: 14/14 MP: 3/3
     7 | D        | Noticed an ogre
    10 | D        | Killed an ogre
    10 | D        | Reached skill level 14 in Stealth
    10 | D        | Reached XP level 3. HP: 18/18 MP: 4/4
    10 | D        | Reached XP level 4. HP: 22/22 MP: 5/5
    12 | D        | Noticed Sigmund
    25 | D        | Killed Sigmund
    25 | D        | Reached skill level 17 in Stealth
    25 | D        | Reached XP level 5. HP: 8/25 MP: 6/6
   202 | D        | Killed a gargoyle
   240 | D        | Found a burning altar of Makhleb.
   240 | D        | Found a viscous altar of Jiyva.
   240 | D        | Found a shimmering altar of Xom.
   240 | D        | Found a corrupted altar of Lugonu.
   240 | D        | Noticed a slime creature
   243 | D        | Killed a slime creature
   243 | D        | Reached skill level 18 in Stealth
   243 | D        | Reached XP level 6. HP: 30/30 MP: 7/7
   245 | D        | Found an ornate altar of the Wu Jian Council.
   245 | D        | Found a deep blue altar of Sif Muna.
   247 | D        | Found a radiant altar of Vehumet.
   251 | D        | Reached skill level 19 in Stealth
   273 | D        | Found Nenky's Magic Scroll Emporium.
   273 | D        | Found an ancient bone altar of Kikubaaqudgha.
   273 | D        | Found a hazy altar of Hepliaklqana.
   273 | D        | Found a stormy altar of Qazlal.
   273 | D        | Found a hide-covered altar of Uskayaw.
   273 | D        | Found a blossoming altar of Fedhas.
   273 | D        | Found a bloodstained altar of Trog.
   273 | D        | Found an iron altar of Okawaru.
   273 | D        | Found a basalt altar of Yredelemnul.
   273 | D        | Found a glowing golden altar of the Shining One.
   273 | D        | Found a snail-covered altar of Cheibriados.
   273 | D        | Found a sacrificial altar of Ru.
   273 | D        | Found a glowing silver altar of Zin.
   273 | D        | Found a shadowy altar of Dithmenos.
   273 | D        | Found a white marble altar of Elyvilon.
   273 | D        | Noticed a yak
   274 | D        | Found an opulent altar of Gozag.
   275 | D        | Killed a yak
   275 | D        | Reached skill level 10 in Dodging
   275 | D        | Reached XP level 7. HP: 33/33 MP: 8/8
   276 | D        | Found a sparkling altar of Nemelex Xobeh.
   280 | D        | Bought a scroll of blinking for 105 gold pieces
   280 | D        | Bought a scroll of magic mapping for 49 gold pieces
   285 | D        | Became a worshipper of Warmaster Okawaru
   306 | D        | Noticed a centaur warrior
   306 | D        | Noticed a centaur warrior
   307 | D        | Killed a centaur warrior
   307 | D        | Reached * piety under Okawaru
   307 | D        | Reached ** piety under Okawaru
   307 | D        | Reached skill level 22 in Stealth
   307 | D        | Reached skill level 5 in Invocations
   307 | D        | Reached XP level 8. HP: 37/37 MP: 8/13
   308 | D        | Killed a centaur warrior
   308 | D        | Reached *** piety under Okawaru
   308 | D        | Reached skill level 23 in Stealth
   322 | D        | Noticed a hornet
   325 | D        | Killed a hornet
   325 | D        | Reached XP level 9. HP: 41/41 MP: 9/15
   333 | D        | Noticed an oklob plant
   335 | D        | Killed an oklob plant
   335 | D        | Reached skill level 24 in Stealth
   378 | D        | Reached skill level 25 in Stealth
   403 | D        | Noticed a deep troll
   405 | D        | Killed a deep troll
   428 | D        | Found Fyisk's Armour Emporium.
   451 | D        | Noticed Sonja
   454 | D        | Killed Sonja
   454 | D        | Reached **** piety under Okawaru
   454 | D        | Reached skill level 10 in Invocations
   470 | D        | Found Zouh's Antique Armour Boutique.
   478 | D        | Bought a runed hat for 231 gold pieces
   517 | D        | Noticed a kobold demonologist
   518 | D        | Noticed a kobold demonologist
   520 | D        | Reached XP level 10. HP: 49/49 MP: 18/18
   558 | D        | Noticed an unseen horror
   559 | D        | Noticed an unseen horror
   633 | D        | HP: 2/49 [unseen horror (6)]
   636 | D        | Slain by an unseen horror

Skill      XL: |  1  2  3  4  5  6  7  8  9 10 |
---------------+-------------------------------+-----
Stealth        | 10 14 17 18 19 22 23 25 | 25.0
Dodging        | 6 9 10 12 13 | 13.7
Invocations    | 5 7 10 11 | 11.1
Fighting       | 3 |  3.6
Short Blades   | |  2.1
Throwing       | |  2.0

Action                   |  1- 3 |  4- 6 |  7- 9 | 10-12 || total
-------------------------+-------+-------+-------+-------++-------
Melee: Dagger            |     2 |     3 |     9 |    32 ||    46
       Punch             |       |       |       |     1 ||     1
 Fire: Blowgun           |       |     7 |       |     7 ||    14
Invok: Heroism           |       |       |       |     1 ||     1
  Use: Scroll            |       |       |     2 |       ||     2
       Potion            |       |       |       |     2 ||     2
 Stab: Sleeping          |     2 |     3 |     9 |     2 ||    16
Armor: Troll leather arm |       |       |       |     4 ||     4
Dodge: Dodged            |       |     1 |       |    94 ||    95
